 Dungeon Crawl Stone Soup version 0.29-a0-322-g68df515428 (webtiles) character file.

Game seed: 611090541689968607

23502 dolemite99 the Thaumaturge (level 13, -3/88 (98) HPs)
             Began as a Gnoll Earth Elementalist on Apr 8, 2022.
             Was the Champion of Nemelex Xobeh.
             Slain by a hell rat (10 damage)
             ... on level 2 of the Lair of Beasts.
             The game lasted 00:30:34 (22275 turns).

dolemite99 the Thaumaturge (GnEE)                  Turns: 22275, Time: 00:30:34

HP:   -3/88 (98)    AC: 10    Str: 12    XL:     13   Next: 7%
MP:   16/26         EV: 20    Int: 18    God:    Nemelex Xobeh [******]
Gold: 598           SH:  0    Dex: 13    Spells: 13/30 levels left

rFire   + . .      SeeInvis .   a - +3 dagger (elec)
rCold   + . .      Faith    +   (no shield)
rNeg    . . .      Spirit   .   o - +0 robe {rC+ rF+}
rPois   .          Reflect  .   Q - +0 helmet "Kofihow" {Str+3}
rElec   .          Harm     .   (no cloak)
rCorr   .          Rampage  .   D - +1 pair of gloves
Will    .....                   (no boots)
Stlth   ++++......              y - amulet of faith
HPRegen 0.24/turn               r - +4 ring of evasion
MPRegen 0.20/turn               f - +4 ring of protection {=R}

@: heavily drained
A: fangs 1, strong nose, distributed training
a: Renounce Religion, Draw Escape, Draw Destruction, Draw Summoning, Triple
Draw, Deal Four, Stack Five


You were on level 2 of the Lair of Beasts.
You worshipped Nemelex Xobeh.
Nemelex Xobeh was exalted by your worship.
You visited 2 branches of the dungeon, and saw 13 of its levels.

You collected 898 gold pieces.
You spent 300 gold pieces at shops.

Inventory:

Hand Weapons
 a - a +3 dagger of electrocution (weapon)
 b - a +2 dagger of draining
 d - a +0 hand crossbow
 g - a +0 whip
 m - a +2 hand axe of electrocution
 s - a +0 dagger of venom
 S - a +0 trident
Missiles
 h - 11 boomerangs
 B - 9 poisoned darts
 F - 2 silver boomerangs
 I - 72 stones
Armour
 o - a +0 robe of resistance (worn)
 D - a +1 pair of gloves (worn)
 M - +0 acid dragon scales
 Q - the +0 helmet "Kofihow" (worn) {Str+3}
   (You found it on level 10 of the Dungeon)

   Str:       It affects your strength (+3).
Magical Staves
 K - a staff of air
Jewellery
 e - a ring of protection from cold
 f - a +4 ring of protection (right hand) {=R}
 q - a ring of protection from fire
 r - a +4 ring of evasion (left hand)
 t - a ring of poison resistance
 w - an amulet of regeneration
 y - an amulet of faith (around neck)
 O - an amulet of reflection
Wands
 C - a wand of polymorph (18)
 E - a wand of mindburst (3)
 J - a wand of flame (7) (quivered)
Scrolls
 i - 6 scrolls of teleportation
 n - 3 scrolls of magic mapping
 p - 4 scrolls of silence
 v - a scroll of amnesia
 R - a scroll of fog
 T - 2 scrolls of enchant armour
Potions
 c - a potion of magic
 j - a potion of lignification
 k - a potion of haste
 l - 2 potions of curing
 u - 2 potions of might
 x - 2 potions of ambrosia
 z - 2 potions of flight {unknown}
 A - 2 potions of invisibility {unknown}
 G - a potion of heal wounds {unknown}
 L - 2 potions of cancellation {unknown}
 N - 2 potions of attraction {unknown}
Miscellaneous
 P - a box of beasts (inert)


   Skills:
 + Level 7.9 Fighting
 + Level 7.9 Short Blades
 + Level 7.9 Long Blades
 + Level 7.9 Axes
 + Level 7.9 Maces & Flails
 + Level 7.9 Polearms
 + Level 7.9 Staves
 + Level 7.9 Slings
 + Level 7.9 Bows
 + Level 7.9 Crossbows
 + Level 7.9 Throwing
 + Level 7.9 Armour
 + Level 9.2 Dodging
 + Level 9.0 Stealth
 + Level 7.9 Shields
 + Level 7.9 Unarmed Combat
 + Level 9.4 Spellcasting
 + Level 6.6 Conjurations
 + Level 6.6 Hexes
 + Level 6.6 Summonings
 + Level 6.6 Necromancy
 + Level 6.6 Translocations
 + Level 7.0 Transmutations
 + Level 6.6 Fire Magic
 + Level 6.6 Ice Magic
 + Level 6.6 Air Magic
 + Level 8.6 Earth Magic
 + Level 6.6 Poison Magic
 + Level 8.7 Invocations
 + Level 7.9 Evocations


You had 13 spell levels left.
You knew the following spells:

 Your Spells              Type           Power      Damage    Failure   Level
a - Foxfire               Conj/Fire      100%       2x1d9     1%          1
b - Sandblast             Erth           78%        2d17      1%          1
c - Stone Arrow           Conj/Erth      72%        3d11      1%          3
d - Poisonous Vapours     Pois/Air       64%        N/A       1%          2
e - Blink                 Tloc           64%        N/A       1%          2
f - Passwall              Tmut/Erth      30%        N/A       1%          2
g - Conjure Flame         Conj/Fire      32%        6-21      1%          3
h - Mephitic Cloud        Conj/Pois/Air  32%        N/A       1%          3

Your spell library contained the following spells:

 Spells                   Type           Power      Damage    Failure   Level
 Static Discharge         Conj/Air       32%        N/A       1%          2
 Ignite Poison            Fire/Tmut/Pois 32%        N/A       1%          3
 Inner Flame              Hex/Fire       32%        N/A       1%          3
 Lesser Beckoning         Tloc           32%        N/A       1%          3
 Petrify                  Tmut/Erth      36%        N/A       3%          4
 Ice Form                 Ice/Tmut       33%        N/A       4%          4
 Flame Wave               Conj/Fire      32%        2d8       5%          4
 Hailstorm                Conj/Ice       32%        3d8       5%          4
 Freezing Cloud           Conj/Ice/Air   16%        6-21      16%         5
 Lightning Bolt           Conj/Air       16%        1d30      16%         5
 Manifold Assault         Tloc           32%        N/A       16%         5
 Simulacrum               Ice/Necr       16%        N/A       65%         6
 Maxwell's Capacitive Co  Air            16%        ∞         100%        8
 Fire Storm               Conj/Fire      16%        8d4       100%        9


Dungeon Overview and Level Annotations

Branches:
Dungeon (11/15)            Temple (0/1) D:7            Lair (2/6) D:10
    Orc (0/2) D:10
  Swamp: Lair:2-4    Shoals: Lair:2-4     Snake: Lair:2-4    Spider: Lair:2-4

Altars:
Ashenzari
Cheibriados
Fedhas
Kikubaaqudgha
Nemelex Xobeh
Okawaru
Qazlal
Ru
Trog
Uskayaw
Vehumet
Wu Jian
Yredelemnul
The Shining One

Shops:
D:5 :

Annotations:
D:3 3 runed translucent doors, Cecur's ghost, amateur OpAE
D:6 3 runed translucent doors, freelancePsychic's ghost, novice DsAr
D:8 2 transporters, qwertyui's ghost, novice GrFi


Innate Abilities, Weirdness & Mutations

You have very sharp teeth.
Your uncanny sense of smell can sniff out nearby items.
Your experience applies equally to all skills.


Message History

* * * LOW HITPOINT WARNING * * *
You feel drained.
* * * LOW HITPOINT WARNING * * *
The hell rat barely misses you.
You draw a card...
You have drawn the Tomb.
Walls emerge from the floor!
You feel sick. The hell rat completely misses you.
The hell rat bites you but does no damage.
The hell rat bites you!
* * * LOW HITPOINT WARNING * * *
You feel drained.
You draw a card...
You have drawn Velocity.
The hell rat seems to slow down.
You feel sick. The hell rat barely misses you. The hell rat misses you.
The hell rat closely misses you. x2
You feel better. The hell rat closely misses you. The hell rat misses you.
The hell rat bites you.
* * * LOW HITPOINT WARNING * * *
You feel drained.
* * * LOW HITPOINT WARNING * * *
The hell rat barely misses you.
You feel better. The hell rat closely misses you.
The hell rat bites you but does no damage.
The hell rat misses you.
You feel better. The hell rat misses you. The hell rat closely misses you.
The hell rat bites you!
* * * LOW HITPOINT WARNING * * *
Casting: Sandblast (safe; 1% risk of failure)
Confirm with . or Enter, or press ? or * to list all spells.
Aiming: Sandblast (safe; 1% risk of failure)
Press: ? - help, Shift-Dir - straight line, f/p - hell rat
Aim: a hell rat (severely wounded, 82% to hit)
The blast of sand hits the hell rat but does no damage.
The hell rat is severely wounded.
I - 72 stones The hell rat bites you!
* * * LOW HITPOINT WARNING * * *
You feel drained.
* * * LOW HITPOINT WARNING * * *
The hell rat bites you!
You die...
Your body glows with a rainbow of weird colours and disappears.

#........
##...........
........P...
#.......#...
#.....P...P.
#.†.#..... .
#.rr#.P.#.P.
##@r#.......
####..P.....
#.#.#.....P.
#.P.#.......
#...#...#....
#...#...#.#..
#...#...#....
##............
#P..>#.......#


You could see 3 hell rats.

Vanquished Creatures
  3 hydras
  A catoblepas (Lair:2)
  An alligator (shapeshifter) (D:7)
  4 two-headed ogres
  Pikel (D:8)
  A cyclops (D:11)
  An elephant (Lair:2)
  7 cane toads
  3 komodo dragons
  4 trolls
  A hornet (D:9)
  Grinder (D:5)
  A blink frog (Lair:1)
  Sigmund (D:5)
  17 yaks
  2 wyverns
  2 steam dragons
  Menkaure (D:5)
  6 vampire mosquitoes
  An acid dragon (D:10)
  4 water moccasins
  2 black bears (D:5)
  Duvessa (D:7)
  6 orc warriors
  4 ice beasts
  A sky beast (D:6)
  2 wolves (D:10)
  An ogre (D:7)
  A boggart (D:8)
  4 centaurs
  A lemure (D:8)
  2 kobold brigands
  3 necrophages
  9 bullfrogs
  2 scorpions
  2 water moccasin zombies (D:5)
  Dowan (D:7)
  16 killer bees
  4 electric eels
  A howler monkey (D:7)
  A bullfrog zombie (D:5)
  5 orc priests
  A jelly (D:6)
  A centaur zombie (D:5)
  7 hounds
  8 orc wizards
  A scorpion zombie (D:5)
  3 iguanas
  2 hell rats (Lair:2)
  7 gnolls
  13 adders
  A shadow imp (D:7)
  4 white imps
  An ufetubus (D:7)
  2 worms
  2 dart slugs (D:1)
  42 orcs
  8 ball pythons
  5 endoplasms
  5 giant cockroaches
  7 goblins
  10 hobgoblins
  4 jackals (D:1)
  5 quokkas
  6 bats
  11 kobolds
  7 rats
295 creatures vanquished.

Vanquished Creatures (collateral kills)
  4 elephants (Lair:2)
  A komodo dragon (Lair:1)
  3 yaks (Lair:1)
  A sky beast (D:8)
  3 orc warriors
  A centaur (D:7)
  A lemure (D:8)
  A kobold brigand (D:8)
  A wight (D:7)
  9 killer bees
  An orc priest (D:8)
  5 hell rats (Lair:1)
  3 orcs
  2 kobolds (D:8)
36 creatures vanquished.

Vanquished Creatures (others)
  114 foxfires
  19 fungi
  43 plants
176 creatures vanquished.

Grand Total: 507 creatures vanquished

Notes
Turn   | Place    | Note
-------+----------+-------------------------------------------
     0 | D:1      | dolemite99 the Gnoll Earth Elementalist began the quest for
                  | the Orb.
     0 | D:1      | Reached XP level 1. HP: 13/13 MP: 6/6
    74 | D:1      | Reached XP level 2. HP: 16/19 MP: 3/7
   664 | D:1      | Found a faded altar of an unknown god.
   675 | D:1      | Prayed at the altar of an unknown god.
   675 | D:1      | Became a worshipper of Nemelex Xobeh the Trickster
   675 | D:1      | Reached * piety under Nemelex Xobeh
   675 | D:1      | Received a gift from Nemelex Xobeh
   870 | D:1      | Reached XP level 3. HP: 25/25 MP: 7/9
   900 | D:1      | Reached skill level 5 in Spellcasting
  1151 | D:1      | Reached skill level 1 in Invocations
  1629 | D:2      | Reached skill level 1 in Fighting
  1629 | D:2      | Reached skill level 1 in Short Blades
  1629 | D:2      | Reached skill level 1 in Long Blades
  1629 | D:2      | Reached skill level 1 in Axes
  1629 | D:2      | Reached skill level 1 in Maces & Flails
  1629 | D:2      | Reached skill level 1 in Polearms
  1629 | D:2      | Reached skill level 1 in Staves
  1629 | D:2      | Reached skill level 1 in Slings
  1629 | D:2      | Reached skill level 1 in Bows
  1629 | D:2      | Reached skill level 1 in Crossbows
  1629 | D:2      | Reached skill level 1 in Throwing
  1629 | D:2      | Reached skill level 1 in Armour
  1629 | D:2      | Reached skill level 1 in Shields
  1629 | D:2      | Reached skill level 1 in Unarmed Combat
  1629 | D:2      | Reached skill level 1 in Evocations
  1629 | D:2      | Reached XP level 4. HP: 32/32 MP: 9/11
  1993 | D:2      | Learned a level 3 spell: Stone Arrow
  2036 | D:2      | Reached ** piety under Nemelex Xobeh
  2182 | D:2      | Received a gift from Nemelex Xobeh
  2329 | D:2      | Reached skill level 1 in Conjurations
  2329 | D:2      | Reached skill level 1 in Hexes
  2329 | D:2      | Reached skill level 1 in Summonings
  2329 | D:2      | Reached skill level 1 in Necromancy
  2329 | D:2      | Reached skill level 1 in Translocations
  2329 | D:2      | Reached skill level 1 in Fire Magic
  2329 | D:2      | Reached skill level 1 in Ice Magic
  2329 | D:2      | Reached skill level 1 in Air Magic
  2329 | D:2      | Reached skill level 1 in Poison Magic
  2710 | D:2      | Reached XP level 5. HP: 28/31 MP: 2/12
  3110 | D:3      | Found a runed translucent gate.
  3110 | D:3      | Found a runed translucent gate.
  3110 | D:3      | Found a runed translucent gate.
  3402 | D:3      | Noticed Cecur's ghost (amateur OpAE)
  3744 | D:4      | Found an ancient bone altar of Kikubaaqudgha.
  3783 | D:4      | Reached XP level 6. HP: 41/44 MP: 8/14
  3991 | D:4      | Noticed a two-headed ogre
  3993 | D:4      | Reached skill level 5 in Dodging
  4001 | D:4      | Killed a two-headed ogre
  4002 | D:4      | Reached skill level 5 in Stealth
  4002 | D:4      | Reached XP level 7. HP: 50/51 MP: 1/15
  4002 | D:4      | Reached XP level 8. HP: 56/57 MP: 1/16
  4240 | D:4      | Reached *** piety under Nemelex Xobeh
  4501 | D:5      | Entered Level 5 of the Dungeon
  5280 | D:5      | Found a basalt altar of Yredelemnul.
  5486 | D:5      | Received a gift from Nemelex Xobeh
  5595 | D:5      | Noticed Menkaure
  5601 | D:5      | Killed Menkaure
  5829 | D:5      | Noticed Grinder
  5838 | D:5      | Killed Grinder
  5839 | D:5      | Reached XP level 9. HP: 54/65 MP: 5/18
  5981 | D:5      | Found a sacrificial altar of Ru.
  6439 | D:5      | Found Azeo's Book Boutique.
  6447 | D:5      | Bought Sif Muna's Volume of Torrid Lightness for 300 gold
                  | pieces
  6450 | D:5      | Learned a level 2 spell: Poisonous Vapours
  6452 | D:5      | Learned a level 1 spell: Foxfire
  6609 | D:5      | Noticed Sigmund
  6624 | D:5      | Killed Sigmund
  6853 | D:5      | Found a glowing golden altar of the Shining One.
  7251 | D:6      | Found a bloodstained altar of Trog.
  7951 | D:6      | Reached **** piety under Nemelex Xobeh
  7960 | D:6      | Noticed a two-headed ogre
  7967 | D:6      | Noticed freelancePsychic's ghost (novice DsAr)
  7993 | D:6      | Found a runed translucent gate.
  7993 | D:6      | Found a runed translucent gate.
  7993 | D:6      | Found a runed translucent gate.
  8197 | D:6      | Found a broken altar of Ashenzari.
  8833 | D:7      | Learned a level 1 spell: Sandblast
  8874 | D:7      | Reached skill level 5 in Invocations
  9252 | D:7      | Received a gift from Nemelex Xobeh
  9490 | D:7      | Reached XP level 10. HP: 68/73 MP: 10/20
  9689 | D:7      | Reached skill level 5 in Fighting
  9689 | D:7      | Reached skill level 5 in Short Blades
  9689 | D:7      | Reached skill level 5 in Long Blades
  9689 | D:7      | Reached skill level 5 in Axes
  9689 | D:7      | Reached skill level 5 in Maces & Flails
  9689 | D:7      | Reached skill level 5 in Polearms
  9689 | D:7      | Reached skill level 5 in Staves
  9689 | D:7      | Reached skill level 5 in Slings
  9689 | D:7      | Reached skill level 5 in Bows
  9689 | D:7      | Reached skill level 5 in Crossbows
  9689 | D:7      | Reached skill level 5 in Throwing
  9689 | D:7      | Reached skill level 5 in Armour
  9689 | D:7      | Reached skill level 5 in Shields
  9689 | D:7      | Reached skill level 5 in Unarmed Combat
  9689 | D:7      | Reached skill level 5 in Evocations
 10272 | D:7      | Noticed an alligator
 10280 | D:7      | Killed an alligator
 10585 | D:7      | Found a staircase to the Ecumenical Temple.
 10610 | D:7      | Reached skill level 5 in Transmutations
 10879 | D:7      | Found a radiant altar of Vehumet.
 10933 | D:7      | Noticed Duvessa
 10936 | D:7      | Noticed Dowan
 10944 | D:7      | Killed Duvessa
 10968 | D:7      | Killed Dowan
 11239 | D:7      | Received a gift from Nemelex Xobeh
 11453 | D:8      | Found a hide-covered altar of Uskayaw.
 11907 | D:8      | Identified a scroll of acquirement
 11907 | D:8      | Acquired a +4 ring of protection
 11950 | D:8      | Learned a level 2 spell: Blink
 11953 | D:8      | Learned a level 2 spell: Passwall
 11957 | D:8      | Learned a level 3 spell: Conjure Flame
 11981 | D:8      | Noticed qwertyui's ghost (novice GrFi)
 11985 | D:8      | Noticed Pikel
 12145 | D:8      | Found a transporter.
 12156 | D:8      | Found a transporter.
 12173 | D:8      | Noticed a moth of wrath
 12207 | D:8      | Found a bloodstained altar of Trog.
 12267 | D:8      | Reached ***** piety under Nemelex Xobeh
 12343 | D:8      | Noticed a two-headed ogre
 12346 | D:8      | Killed a two-headed ogre
 12356 | D:8      | Reached XP level 11. HP: 77/81 MP: 11/22
 12755 | D:8      | Killed Pikel
 13131 | D:8      | Found an ornate altar of the Wu Jian Council.
 13532 | D:9      | Received a gift from Nemelex Xobeh
 13711 | D:9      | Reached skill level 5 in Conjurations
 13711 | D:9      | Reached skill level 5 in Hexes
 13711 | D:9      | Reached skill level 5 in Summonings
 13711 | D:9      | Reached skill level 5 in Necromancy
 13711 | D:9      | Reached skill level 5 in Translocations
 13711 | D:9      | Reached skill level 5 in Fire Magic
 13711 | D:9      | Reached skill level 5 in Ice Magic
 13711 | D:9      | Reached skill level 5 in Air Magic
 13711 | D:9      | Reached skill level 5 in Poison Magic
 13759 | D:9      | Noticed a two-headed ogre
 13805 | D:9      | Killed a two-headed ogre
 15153 | D:9      | Found a blossoming altar of Fedhas.
 15222 | D:9      | Found a snail-covered altar of Cheibriados.
 15703 | D:10     | Entered Level 10 of the Dungeon
 15793 | D:10     | Found a flagged portal.
 15902 | D:10     | Received a gift from Nemelex Xobeh
 16159 | D:10     | Found a stormy altar of Qazlal.
 16190 | D:10     | Noticed a two-headed ogre
 16202 | D:10     | Killed a two-headed ogre
 16426 | D:10     | Identified the +0 helmet "Kofihow" {Str+3}
 16893 | D:10     | Found a staircase to the Lair.
 17158 | D:10     | Found a staircase to the Orcish Mines.
 17633 | D:10     | Learned a level 3 spell: Mephitic Cloud
 17696 | D:11     | Received a gift from Nemelex Xobeh
 18046 | D:11     | Found an iron altar of Okawaru.
 18315 | D:11     | Reached XP level 12. HP: 89/89 MP: 17/24
 19268 | Lair:1   | Entered Level 1 of the Lair of Beasts
 19790 | Lair:1   | Noticed a six-headed hydra
 19994 | Lair:1   | Killed a six-headed hydra
 20218 | Lair:1   | Received a gift from Nemelex Xobeh
 20591 | Lair:1   | Received a gift from Nemelex Xobeh
 20744 | Lair:1   | Received a gift from Nemelex Xobeh
 20904 | Lair:1   | Noticed a five-headed hydra
 20911 | Lair:1   | Killed a five-headed hydra
 21211 | Lair:2   | Reached ****** piety under Nemelex Xobeh
 21214 | Lair:2   | Noticed a catoblepas
 21221 | Lair:2   | Killed a catoblepas
 21301 | Lair:2   | Received a gift from Nemelex Xobeh
 21903 | Lair:2   | Noticed a six-headed hydra
 21913 | Lair:2   | Killed a six-headed hydra
 21921 | Lair:2   | Reached XP level 13. HP: 79/98 MP: 4/26
 22209 | Lair:2   | Received a gift from Nemelex Xobeh
 22275 | Lair:2   | Slain by a hell rat

Illustrated notes

Levels and vault maps discovered:
D:1:      dpeg_arrival_tiny_c, layout_loops_ring,
          hellmonk_ecumenical_altar_leap_of_faith, nicolae_wormholes
D:2:      minmay_skewed_foursquare, layout_basic, dreamdust_princess_bridge,
          nicolae_concentric_dashed_squares_wild, minmay_pentomino_q2
D:3:      layout_rooms, gammafunk_ghost_icy
D:4:      layout_loops_ring, nicolae_kikubaaqudgha_miasma_corner
D:5:      layout_cave_pods, nicolae_yredelemnul_corpse_copse, tso_altar,
          nicolae_ru_path_of_blood, serial_shops, shop, uniq_grinder,
          uniq_sigmund, uniq_menkaure
D:6:      layout_rooms, lemuel_round_altar, mainiacjoe_overflow_alcove_2,
          gammafunk_ghost_split, kennysheep_generic_room_6
D:7:      nzn_winding_woodlands_medium [nzn_winding_woodlands_5x5_checkerboard,
          nzn_winding_woodlands_5x15_pathside_ponds,
          nzn_winding_woodlands_5x5_open_star,
          nzn_winding_woodlands_5x5_perimeter,
          nzn_winding_woodlands_center_garden, nzn_winding_woodlands_hourglass,
          nzn_winding_woodlands_5x5_three, nzn_winding_woodlands_5x15_parted,
          nzn_winding_woodlands_5x5_cross], layout_basic,
          mainiacjoe_overflow_tiny_flanked, temple_doors_e, uniq_duvessa
D:8:      layout_cave_pools, nicolae_wu_jian_glorious_leap,
          mainiacjoe_overflow_six_doors_small,
          gammafunk_ghost_wrathful_warriors, uniq_pikel
D:9:      layout_cave_pools, lemuel_tele_altar, fedhas_altar_3,
          marbit_many_paths
D:10:     minmay_weird_star, layout_irregular_city,
          nicolae_qazlal_general_emergency, erik_lair_island,
          kennysheep_orc_monster_closet_entryway, enter_bailey_3
D:11:     layout_cave_pods, okawaru_gym_becter
Lair:1:   layout_small_grid, gauntlet_entry_generic, serial_bayou_pond_b,
          grunt_megastairs_4, lemuel_fruit_tree
Lair:2:   layout_long_grid

Skill      XL: |  1  2  3  4  5  6  7  8  9 10 11 12 13 |
---------------+----------------------------------------+-----
Transmutations | 2 3 4 5 6 7 |  7.0
Spellcasting   | 5 6 7 8 9 |  9.4
Invocations    | 1 2 3 4 5 6 7 8 |  8.7
Fighting       | 1 2 3 4 5 6 7 |  7.9
Short Blades   | 1 2 3 4 5 6 7 |  7.9
Long Blades    | 1 2 3 4 5 6 7 |  7.9
Axes           | 1 2 3 4 5 6 7 |  7.9
Maces & Flails | 1 2 3 4 5 6 7 |  7.9
Polearms       | 1 2 3 4 5 6 7 |  7.9
Staves         | 1 2 3 4 5 6 7 |  7.9
Slings         | 1 2 3 4 5 6 7 |  7.9
Bows           | 1 2 3 4 5 6 7 |  7.9
Crossbows      | 1 2 3 4 5 6 7 |  7.9
Throwing       | 1 2 3 4 5 6 7 |  7.9
Armour         | 1 2 3 4 5 6 7 |  7.9
Shields        | 1 2 3 4 5 6 7 |  7.9
Unarmed Combat | 1 2 3 4 5 6 7 |  7.9
Evocations     | 1 2 3 4 5 6 7 |  7.9
Conjurations   | 1 2 3 4 5 6 |  6.6
Hexes          | 1 2 3 4 5 6 |  6.6
Summonings     | 1 2 3 4 5 6 |  6.6
Necromancy     | 1 2 3 4 5 6 |  6.6
Translocations | 1 2 3 4 5 6 |  6.6
Fire Magic     | 1 2 3 4 5 6 |  6.6
Ice Magic      | 1 2 3 4 5 6 |  6.6
Air Magic      | 1 2 3 4 5 6 |  6.6
Poison Magic   | 1 2 3 4 5 6 |  6.6
Dodging        | 5 6 7 8 9 |  9.2
Stealth        | 5 6 7 8 9 |  9.0
Earth Magic    | 6 7 8 |  8.6

Action                   |  1- 3 |  4- 6 |  7- 9 | 10-12 | 13-15 || total
-------------------------+-------+-------+-------+-------+-------++-------
Melee: Bite              |     3 |     8 |     2 |     7 |       ||    20
       Whip              |     1 |       |       |       |       ||     1
       Dagger            |    15 |    89 |    23 |    58 |       ||   185
       Punch             |       |     1 |     1 |     2 |       ||     4
 Cast: Sandblast         |    39 |    24 |    86 |   162 |    13 ||   324
       Stone Arrow       |       |    12 |    28 |   122 |       ||   162
       Foxfire           |       |       |    35 |    29 |       ||    64
       Poisonous Vapours |       |       |     4 |    47 |     1 ||    52
       Conjure Flame     |       |       |       |     2 |       ||     2
       Mephitic Cloud    |       |       |       |     2 |       ||     2
Invok: Draw Destruction  |       |     2 |     2 |    10 |     3 ||    17
       Draw Summoning    |       |       |       |    15 |       ||    15
       Deal Four         |       |       |       |     1 |       ||     1
       Draw Escape       |       |       |       |     2 |     2 ||     4
Evoke: Wand              |       |       |     2 |    44 |       ||    46
       Box of beasts     |       |       |       |     2 |       ||     2
  Use: Scroll            |       |       |    10 |    14 |       ||    24
       Potion            |       |       |     1 |     3 |     3 ||     7
 Stab: Sleeping          |       |     3 |       |       |       ||     3
       Confused          |       |       |       |     1 |       ||     1
Armor: Robe              |     5 |       |    11 |    71 |     3 ||    90
       Troll leather arm |       |    28 |    15 |       |       ||    43
Dodge: Dodged            |    19 |    64 |   131 |   406 |    28 ||   648

Table legend: (Time is in decaauts)
 A = Elapsed time spent in this place.
 B = Non-inter-level travel time spent in this place.
 C = Inter-level travel time spent in this place.
 D = Time resting spent in this place.
 E = Time spent auto-exploring this place.
 F = Levels seen in this place.
 G = Mean time per level.
                   A        B        C        D        E       F      G
               +--------+--------+--------+--------+--------+-----+--------+
         Total |  22259 |  21975 |    284 |  11173 |   7294 |  13 | 1712.2 |
       Dungeon |  19945 |  19679 |    266 |  10203 |   6349 |  11 | 1813.2 |
          Lair |   2313 |   2296 |     17 |    970 |    945 |   2 | 1156.5 |
               +--------+--------+--------+--------+--------+-----+--------+

Top non-repeatable levels by time:
     D:7: 2833 daAuts
     D:8: 2705 daAuts
    D:10: 2657 daAuts
     D:5: 2271 daAuts
    D:11: 1601 daAuts
     D:6: 1581 daAuts
     D:9: 1545 daAuts
     D:1: 1496 daAuts
     D:2: 1278 daAuts
  Lair:1: 1254 daAuts
  Lair:2: 1058 daAuts
     D:4: 1012 daAuts
     D:3: 962 daAuts
